 Dungeon Crawl Stone Soup version 0.21.0-3-g78d12a8 (webtiles) character file.

219 Television the Insei (level 5, -2/42 HPs)
             Began as a Demigod Transmuter on Jan 15, 2018.
             Slain by an orc priest
             ... wielding a +0 flail
              (6 damage)
             ... on level 4 of the Dungeon.
             The game lasted 00:09:08 (4018 turns).

Television the Insei (Demigod Transmuter)           Turns: 4018, Time: 00:09:08

Health: -2/42      AC:  5    Str: 15    XL:     5   Next: 36%
Magic:  6/10       EV: 11    Int: 17    God:
Gold:   132        SH:  0    Dex: 16    Spells: 4/7 levels left

rFire    . . .     SeeInvis .     - Unarmed
rCold    + . .     Gourm    .   (no shield)
rNeg     . . .     Faith    .   r - +0 ring mail {rC+}
rPois    .         Spirit   .   (no helmet)
rElec    .         Reflect  .   (no cloak)
rCorr    .         Harm     .   q - -1 pair of gloves
MR       .....                  (no boots)
Stlth    +.........             (no amulet)
HPRegen  0.14/turn              (no ring)
MPRegen  0.12/turn              (no ring)

@: no status effects
A: high mp 1
a: no special abilities


You were on level 4 of the Dungeon.
You were hungry.

You visited 1 branch of the dungeon, and saw 4 of its levels.

You collected 132 gold pieces.

Inventory:

Missiles
 a - 45 arrows
 j - 22 sling bullets
 l - 4 javelins (quivered)
 p - 17 poisoned needles
Armour
 q - a -1 pair of gloves (worn)
 r - a +0 ring mail of cold resistance (worn)
Scrolls
 f - a scroll of noise {unknown}
 i - a scroll of remove curse
 k - a scroll of teleportation {unknown}
 n - a scroll of enchant weapon
 s - a scroll of random uselessness {unknown}
Potions
 b - a potion of degeneration {unknown}
 e - a potion of flight {unknown}
 g - a potion of brilliance {unknown}
 o - 2 potions of resistance
Books
 c - a book of Changes

   Spells                             Type                      Level
   a - Beastly Appendage              Transmutation                1
   b - Sticks to Snakes               Transmutation                2
   c - Spider Form                    Transmutation/Poison         3
   d - Ice Form                       Ice/Transmutation            4
   e - Blade Hands                    Transmutation                5
Comestibles
 d - 3 rations


   Skills:
 + Level 2.7 Fighting
 - Level 1.0 Armour
 - Level 1.7 Dodging
 + Level 4.7 Unarmed Combat
 - Level 1.7 Spellcasting
 - Level 2.4 Transmutations


You had 4 spell levels left.
You knew the following spells:

 Your Spells              Type           Power        Failure   Level  Hunger
a - Beastly Appendage     Tmut           #.....       14%         1    #......
b - Sticks to Snakes      Tmut           #.......     22%         2    ###....


Dungeon Overview and Level Annotations

Branches:
Dungeon (4/15)
 Temple: D:4-7


Innate Abilities, Weirdness & Mutations

You have an increased reservoir of magic. (+10% MP)


Message History

Confirm with . or Enter, or press ? or * to list all spells.
You create a snake!
You now have 45 arrows.
Unknown command.
Unknown command.
You barely miss the orc priest.
The orc priest is almost dead.
The orc priest hits you with a flail.
* * * LOW HITPOINT WARNING * * *
You completely miss the orc priest.
The orc priest is almost dead.
The orc priest hits you with a flail.
* * * LOW HITPOINT WARNING * * *
Your ball python barely misses the orc priest.
Your ball python grabs the orc priest.
Your ball python constricts the orc priest.
Your magical contamination has completely faded away.
You hit the orc priest but do no damage.
The orc priest is almost dead.
The orc priest hits you with a flail.
You die...

........# #####...# ...# #####
...# ..# ..# #o# ############
#o# ...........#
#o############### ##########.#
#@S.............# ....# #.#
###############.# ###.# #.# #.#
#.######.# #.# #......#.# #.#
######.#.# #.# #.#.# #.# #.#.#
#.#
########.#.###################.#


You could see an orc priest, 2 orcs and a friendly ball python.

Vanquished Creatures
  A hound (D:4)
  An iguana (D:4)
  A worker ant (D:4)
  A gnoll (D:2)
  3 adders
  A shadow imp (D:2)
  An ooze (D:2)
  A leopard gecko (D:3)
  An orc (D:4)
  5 giant cockroaches
  13 goblins
  7 hobgoblins
  6 jackals
  2 quokkas (D:3)
  8 bats
  6 frilled lizards
  6 kobolds
  9 rats
73 creatures vanquished.

Vanquished Creatures (collateral kills)
  3 gnolls
3 creatures vanquished.

Grand Total: 76 creatures vanquished

Notes
Turn   | Place    | Note
-------+----------+-------------------------------------------
     0 | D:1      | Television the Demigod Transmuter began the quest for the Orb.
     0 | D:1      | Reached XP level 1. HP: 15/15 MP: 5/5
    53 | D:1      | Reached skill level 1 in Fighting
    99 | D:1      | Reached skill level 3 in Unarmed Combat
   351 | D:1      | Reached XP level 2. HP: 12/23 MP: 7/7
   809 | D:1      | Learned a level 2 spell: Sticks to Snakes
  1306 | D:2      | Reached XP level 3. HP: 29/29 MP: 6/8
  2222 | D:2      | Reached XP level 4. HP: 27/36 MP: 6/9
  2491 | D:2      | Reached skill level 1 in Armour
  2537 | D:2      | Reached skill level 4 in Unarmed Combat
  2696 | D:3      | HP: 2/54 [poisoned by an adder]
  3759 | D:4      | Reached XP level 5. HP: 39/41 MP: 7/10
  4018 | D:4      | Slain by an orc priest

Skill      XL: |  1  2  3  4 |
---------------+-------------+-----
Fighting       | 1 2 |  2.7
Unarmed Combat | 3 4 |  4.7
Transmutations | 2 |  2.4
Armour         | 1 |  1.0
Dodging        | |  1.7
Spellcasting   | |  1.7

Action                   |  1- 3 |  4- 6 || total
-------------------------+-------+-------++-------
Melee: Unarmed           |   157 |   124 ||   281
       Headbutt          |     6 |     3 ||     9
       Punch             |     1 |     5 ||     6
       Kick              |     4 |     7 ||    11
Throw: Javelin           |     1 |     3 ||     4
 Cast: Beastly Appendage |    14 |     9 ||    23
       Sticks to Snakes  |     6 |     4 ||    10
  Use: Potion            |       |     4 ||     4
       Scroll            |       |     3 ||     3
 Stab: Sleeping          |     3 |     1 ||     4
       Distracted        |       |     1 ||     1
  Eat: Chunk             |     1 |     6 ||     7
       Ration            |     1 |       ||     1
Armor: Robe              |    23 |    10 ||    33
       Ring mail         |       |     9 ||     9
Dodge: Dodged            |   105 |    57 ||   162
